 Dungeon Crawl Stone Soup version 0.31-a0-175-g9f7f995f2b (webtiles) character file.

Game seed: 646998529502491515

342 qw the Shooter (level 6, -1/40 HPs)
             Began as a Gargoyle Hunter on June 16, 2023.
             Slain by a black bear (6 damage)
             ... on level 3 of the Dungeon.
             The game lasted 00:01:57 (2883 turns).

qw the Shooter (Gargoyle Hunter)                    Turns: 2883, Time: 00:01:57

Health: -1/40      AC:  8    Str: 15    XL:     6   Next: 57%
Magic:  6/6        EV: 11    Int:  9    God:
Gold:   149        SH:  0    Dex: 15    Spells: 5/5 levels left

rFire   . . .        Y - +1 shortbow
rCold   . . .        (shield currently unavailable)
rNeg    + . .        c - +0 leather armour
rPois   inf          (no helmet)
rElec   +            h - +0 cloak
rCorr   .            (no gloves)
SInv    .            (no boots)
Will    .....        (no amulet)
Stlth   ++           (no ring)
HPRegen 0.26/turn    (no ring)
MPRegen 0.10/turn

%: no passive effects
@: no status effects
A: sickness immunity, AC +4, negative energy resistance 1, electricity
resistance, torment resistance 1, petrification resistance
a: no special abilities


You were on level 3 of the Dungeon.
You visited 1 branch of the dungeon, and saw 4 of its levels.

You collected 181 gold pieces.
You spent 32 gold pieces at shops.


Innate Abilities, Weirdness & Mutations

You are immune to sickness and miasma.
Your stone body is resilient. (AC +4)
You are immune to poison.
You resist negative energy. (rN+)
You are resistant to electric shocks. (rElec)
You are resistant to unholy torment.
You are immune to petrification.


   Skills:
 - Level 5.3 Fighting
 + Level 6.0 Ranged Weapons
 - Level 1.0 Armour
 - Level 1.5 Dodging
 - Level 1.1 Stealth


You had 5 spell levels left.
You didn't know any spells.
Your spell library was empty.

Inventory:

Hand Weapons
 Y - a +1 shortbow (weapon)
Armour
 c - a +0 leather armour (worn)
 h - a +0 cloak (worn)
Scrolls
 e - a scroll of identify
Potions
 a - a potion of degeneration {unknown}
 b - a potion of resistance {unknown}
 d - a potion of brilliance {unknown}
 f - a potion of invisibility {unknown}
 i - a potion of berserk rage {unknown}
 k - a potion of curing {unknown}

Dungeon Overview and Level Annotations

Branches:
Dungeon (4/15)
 Temple: D:4-7

Altars:
Zin

Shops:
D:3 *

Annotations:
D:3 3 runed translucent doors, qw's ghost, amateur GrFi


Message History

(D) Dungeon
Where to? (* - list waypoints, Enter - D:3, ? - help)
What level of the Dungeon? (default 1, ? - help)
There is a stone staircase leading down here.
You climb downwards.
Found a stone staircase leading up.
There is a stone staircase leading up here.
A black bear is nearby!
Waypoint 3 assigned to D:4.
You shoot an arrow. The arrow hits the black bear!
The black bear is moderately wounded.
You hear an angry hiss.
You shoot an arrow. The arrow hits the black bear.
The black bear is heavily wounded.
You shoot an arrow. The arrow hits the black bear.
The black bear is heavily wounded.
The black bear bites you but does no damage.
The black bear claws you but does no damage.
The black bear claws you.
An iguana comes into view.
You shoot an arrow. The arrow hits the black bear.
The black bear is severely wounded.
The black bear bites you. The black bear claws you.
The black bear closely misses you.
2879 ||| STAIRDANCE The iguana bites you!
The black bear closely misses you.
The black bear claws you but does no damage.
The black bear claws you.
You climb upwards.
Level annotation: 3 runed translucent doors, qw's ghost, amateur GrFi
There is a stone staircase leading down here.
You shoot an arrow. The arrow barely misses the black bear.
The black bear bites you.
The black bear claws you but does no damage. x2
The iguana bites you!
You shoot an arrow. The arrow hits the black bear.
The black bear is almost dead.
The black bear goes berserk!
The iguana misses you.
You shoot an arrow. The arrow barely misses the black bear.
The black bear bites you! The black bear claws you.
You die...

.... #..#..######.###.....#...#
...###..##.......#.###.....###.##
........#...####.#...........#...
####...##...# #..####.......###.
#..#####....####..# #.........#.
..............##..####.........#%
###########.#..............).....
# #.####....##.......#### #
######@l......)........ #
#.###h........##.#### ######
#.###............#
.....########.....####.##.####
#######<..........#.##.##.#
##########.......##.#
#......##.##.# #.##....[....#
#.##.#.##.####


You could see a black bear (berserk) and an iguana.

Vanquished Creatures
  Sigmund (D:2)
  Terence (D:2)
  Jessica (D:2)
  Natasha (twice) (D:2)
  2 adders (D:2)
  An ufetubus (D:3)
  A worm (D:2)
  5 endoplasms
  4 giant cockroaches
  3 goblins (D:3)
  7 hobgoblins
  3 jackals (D:2)
  8 quokkas
  3 ball pythons
  8 bats
  3 kobolds
  4 rats
57 creatures vanquished.

Notes
Turn   | Place    | Note
-------+----------+-------------------------------------------
     0 | D:1      | qw the Gargoyle Hunter began the quest for the Orb.
     0 | D:1      | Reached XP level 1. HP: 12/12 MP: 1/1
     0 | D:1      | 0 ||| qw: Version: 0.2-a-29-g511e9b1
     0 | D:1      | 0 ||| qw: Game counter: 5706
     0 | D:1      | 0 ||| qw: Always use a shield: true
     0 | D:1      | 0 ||| qw: God list: Okawaru
     0 | D:1      | 0 ||| qw: Allow faded altars: false
     0 | D:1      | 0 ||| qw: Do Orc after D:15 true
     0 | D:1      | 0 ||| qw: Do second Lair branch before Depths: true
     0 | D:1      | 0 ||| qw: Lair rune preference: random
     0 | D:1      | 0 ||| qw: Plans: Normal, Zot:1-4, Slime:5, God:TSO, Crypt,
                  | Tomb, Abyss, Pan, Hells, Win
     0 | D:1      | 0 ||| PLANNING D:1-11
   209 | D:1      | Reached XP level 2. HP: 17/17 MP: 2/2
   360 | D:1      | 360 ||| READING scroll labelled IRAREA MIUSIRUFF.
   361 | D:1      | 361 ||| READING scroll labelled HAUBEI ZOGG.
   362 | D:1      | 362 ||| READING scroll labelled EDI XINOXKO.
   363 | D:1      | 363 ||| DROPPING scroll of butterflies.
   672 | D:2      | Noticed Natasha
   677 | D:2      | HP: 4/17 [Natasha (7)]
   678 | D:2      | Killed Natasha
   679 | D:2      | Reached skill level 5 in Ranged Weapons
   679 | D:2      | Reached XP level 3. HP: 5/21 MP: 3/3
   755 | D:2      | Noticed Terence
   767 | D:2      | HP: 3/22 [Terence/+0 short sword (5)]
   768 | D:2      | Killed Terence
   769 | D:2      | Reached skill level 3 in Fighting
   769 | D:2      | Reached XP level 4. HP: 4/28 MP: 4/4
   778 | D:2      | Noticed Natasha
   783 | D:2      | 783 ||| Stepping ~*~*~tactically~*~*~ (outnumbered).
   786 | D:2      | Killed Natasha
   800 | D:2      | 800 ||| FLEEEEING.
   801 | D:2      | 801 ||| FLEEEEING.
   802 | D:2      | 802 ||| FLEEEEING.
   803 | D:2      | 803 ||| FLEEEEING.
   804 | D:2      | 804 ||| FLEEEEING.
   806 | D:2      | 806 ||| FLEEEEING.
   807 | D:2      | 807 ||| FLEEEEING.
   808 | D:2      | 808 ||| FLEEEEING.
   809 | D:2      | 809 ||| FLEEEEING.
   810 | D:2      | 810 ||| FLEEEEING.
   811 | D:2      | 811 ||| FLEEEEING.
   812 | D:2      | 812 ||| FLEEEEING.
   813 | D:2      | 813 ||| FLEEEEING.
   816 | D:2      | 816 ||| FLEEEEING.
   817 | D:2      | 817 ||| FLEEEEING.
   818 | D:2      | 818 ||| FLEEEEING.
   819 | D:2      | 819 ||| FLEEEEING.
   820 | D:2      | 820 ||| FLEEEEING.
   824 | D:2      | 824 ||| FLEEEEING.
   825 | D:2      | 825 ||| FLEEEEING.
   826 | D:2      | 826 ||| FLEEEEING.
   827 | D:2      | 827 ||| FLEEEEING.
   828 | D:2      | 828 ||| FLEEEEING.
   829 | D:2      | 829 ||| FLEEEEING.
   831 | D:2      | 831 ||| FLEEEEING.
   833 | D:2      | 833 ||| FLEEEEING.
   834 | D:2      | 834 ||| FLEEEEING.
   835 | D:2      | 835 ||| FLEEEEING.
   836 | D:2      | 836 ||| FLEEEEING.
   837 | D:2      | 837 ||| FLEEEEING.
   838 | D:2      | 838 ||| FLEEEEING.
   839 | D:2      | 839 ||| FLEEEEING.
   840 | D:2      | 840 ||| FLEEEEING.
   844 | D:2      | 844 ||| FLEEEEING.
   845 | D:2      | 845 ||| FLEEEEING.
   846 | D:2      | 846 ||| FLEEEEING.
   847 | D:2      | 847 ||| FLEEEEING.
   848 | D:2      | 848 ||| FLEEEEING.
   849 | D:2      | 849 ||| FLEEEEING.
   850 | D:2      | 850 ||| FLEEEEING.
   851 | D:2      | 851 ||| FLEEEEING.
   854 | D:2      | 854 ||| FLEEEEING.
   855 | D:2      | 855 ||| FLEEEEING.
   856 | D:2      | 856 ||| FLEEEEING.
   859 | D:2      | 859 ||| FLEEEEING.
   965 | D:2      | Noticed Jessica
   968 | D:2      | Killed Jessica
   969 | D:2      | Reached skill level 6 in Ranged Weapons
   969 | D:2      | Reached XP level 5. HP: 32/32 MP: 5/5
  1161 | D:2      | Found a glowing silver altar of Zin.
  1461 | D:2      | Noticed Sigmund
  1483 | D:2      | Killed Sigmund
  1484 | D:2      | Reached XP level 6. HP: 31/40 MP: 6/6
  1519 | D:2      | 1519 ||| UPGRADING to +0 cloak.
  1524 | D:2      | 1524 ||| READING scroll labelled ULOAROGR SARU.
  1525 | D:2      | 1525 ||| READING scroll labelled IMPEWET KOLEMAI.
  1526 | D:2      | 1526 ||| READING scroll labelled VABLUI NAFIDGH.
  1527 | D:2      | 1527 ||| READING scroll labelled UGICUSI AHOXYKH.
  1528 | D:2      | 1528 ||| READING scroll labelled KETHE BEOKH.
  1529 | D:2      | 1529 ||| READING scroll labelled YLIHIRUHIU.
  1533 | D:2      | 1533 ||| DRINKING 2 purple potions.
  1534 | D:2      | 1534 ||| DROPPING potion of enlightenment.
  1615 | D:3      | Found a runed translucent gate.
  1615 | D:3      | Found a runed translucent gate.
  1616 | D:3      | Found a runed translucent gate.
  1736 | D:3      | Found Piusif's Assorted Antiques.
  1744 | D:3      | 1744 ||| SHOPLISTING 2 scrolls of enchant weapon (270 gold,
                  | have 123).
  1744 | D:3      | 1744 ||| BUYING emerald potion (16 gold).
  1744 | D:3      | Bought an emerald potion for 16 gold pieces
  1744 | D:3      | 1744 ||| BUYING viscous blue potion (16 gold).
  1744 | D:3      | Bought a viscous blue potion for 16 gold pieces
  1818 | D:3      | 1818 ||| FLEEEEING.
  1819 | D:3      | 1819 ||| FLEEEEING.
  1820 | D:3      | 1820 ||| FLEEEEING.
  1876 | D:3      | Reached skill level 1 in Armour
  2177 | D:3      | Noticed qw's ghost (amateur GrFi)
  2874 | D:4      | Noticed a black bear
  2879 | D:4      | 2879 ||| STAIRDANCE
  2883 | D:3      | HP: 5/40 [black bear (9)]
  2883 | D:3      | Slain by a black bear

Levels and vault maps discovered:
D:1:      saegor_arrival_miasma, layout_rooms
D:2:      layout_basic, basic_altar, uniq_sigmund, uniq_natasha, uniq_jessica,
          uniq_terence
D:3:      layout_basic, serial_shops, shop, gammafunk_ghost_icy,
          minmay_quantized
D:4:      layout_loops_ring, hangedman_feature_mirror

Skill      XL: |  1  2  3  4  5  6 |
---------------+-------------------+-----
Ranged Weapons | 5 6 |  6.0
Fighting       | 3 5 |  5.3
Armour         | 1 |  1.0
Dodging        | |  1.5
Stealth        | |  1.1

Action                     |  1- 3 |  4- 6 || total
---------------------------+-------+-------++-------
   Fire: Shortbow          |    82 |   123 ||   205
    Use: Scroll            |     3 |     6 ||     9
         Potion            |       |     1 ||     1
 Armour: Leather armour    |     7 |    22 ||    29
  Dodge: Dodged            |    17 |    37 ||    54

Table legend:
 A = Non-vault XP
 B = Vault XP
 C = Vault XP percentage of total XP
 D = Non-vault monster count
 E = Vault monster count
 F = Vault count percentage of total count
                 A         B        C        D         E       F
            +---------+---------+-------+---------+---------+-------
      Total |     143 |     346 |  70.8 |      46 |      11 |  19.3
            +---------+---------+-------+---------+---------+-------
        D:1 |      19 |       0 |   0.0 |      11 |       0 |   0.0
        D:2 |      90 |     333 |  78.7 |      19 |       4 |  17.4
        D:3 |      34 |      13 |  27.7 |      16 |       7 |  30.4
            +---------+---------+-------+---------+---------+-------
